cohdb
Replays
Latest Replays
All Replays
Popular Replays
Top Player Replays
Match Explorer
How It Works
Community
CoH3 Stats
Reddit
Sign in to upload your games and track your stats! →
Sign in with Steam
Match 46225752
Unlisted
Match 46225752
Overview
Messages
Build Orders
End
Construct Barracks
Selects Armored Battlegroup
Selects Veteran Crews
1⁄4-ton 4x4 Truck
Riflemen Squad
Riflemen Squad
Construct Medical Station
Riflemen Squad
Construct Weapon Support Center
Mechanized Support Center
Construct Motor Pool
Selects M31 Recovery Vehicle
Riflemen Squad
M1 Anti-tank Gun Team
Selects War Machine
M8 Greyhound Armored Car
Designate Forward Repair Station
Engineer Squad
M24 Chaffee Light Tank
Improvised Armor
Selects Strength in Steel
Rapid Repairs
Riflemen Squad
M1918 Browning Automatic Rifles
Selects Seek and Destroy
Grenade Package
Toguro
Nick
0
0
Comments
sign in to comment!
No comments posted yet!